 Dungeon Crawl Stone Soup version 0.29.0-4-gdea44cf6ec (webtiles) character file.

Game seed: 8148464552749110131

31 qw the Vexing (level 3, -5/35 HPs)
             Began as an Ogre Enchanter on Sept 4, 2022.
             Succumbed to a goblin's poison
             ... on level 1 of the Dungeon.
             The game lasted 00:00:40 (1954 turns).

qw the Vexing (Ogre Enchanter)                      Turns: 1954, Time: 00:00:40

Health: -5/35      AC:  3    Str: 14    XL:     3   Next: 22%
Magic:  6/6        EV:  9    Int: 16    God:
Gold:   33         SH:  0    Dex:  9    Spells: 6/6 levels left

rFire   . . .      SeeInvis .   h - +0 scimitar
rCold   . . .      Faith    .   (no shield)
rNeg    . . .      Spirit   .   b - +0 robe
rPois   .          Reflect  .   (helmet restricted)
rElec   .          Harm     .   (no cloak)
rCorr   .          Rampage  .   (gloves unavailable)
Will    .....                   (boots unavailable)
Stlth   ++........              (no amulet)
HPRegen 0.11/turn               (no ring)
MPRegen 0.10/turn               (no ring)

@: lethally poisoned (-5 -> -27)
A: large, unfitting armour, tough skin 1
a: no special abilities


You were on level 1 of the Dungeon.
You visited 1 branch of the dungeon, and saw 1 of its levels.

You collected 33 gold pieces.


Innate Abilities, Weirdness & Mutations

You are too large for most types of armour.
You have tough skin. (AC +1)


   Skills:
 - Level 2.0 Fighting
 - Level 0.8 Short Blades
 + Level 2.1 Axes
 - Level 1.7 Dodging
 - Level 2.1 Stealth
 - Level 2.4 Spellcasting
 - Level 2.6 Hexes


You had 6 spell levels left.
You didn't know any spells.
Your spell library contained the following spells:

 Spells                   Type           Power      Damage    Failure   Level
 Ensorcelled Hibernation  Hex/Ice        12%        N/A       17%         2
 Confusing Touch          Hex            10%        N/A       21%         3
 Tukima's Dance           Hex            10%        N/A       21%         3
 Dazzling Flash           Conj/Hex       12%        N/A       34%         3

Inventory:

Hand Weapons
 d - a +0 spear
 h - a +0 scimitar (weapon)
Armour
 b - a +0 robe (worn)
Scrolls
 e - a scroll of fog {unknown}
 f - a scroll of identify {unknown}
Potions
 a - a potion of mutation {unknown}
 c - 2 potions of invisibility
 g - a potion of ambrosia {unknown}

Dungeon Overview and Level Annotations

Branches:
Dungeon (1/15)

Altars:


Message History

1877 ||| SWAPPING to +0 scimitar.
h - a +0 scimitar (weapon)
A goblin comes into view. It is wielding a +0 dagger of venom.
1938 ||| Stepping ~*~*~tactically~*~*~ (stealth).
The goblin shouts!
The goblin throws a stone.
The stone hits you but does no damage.
You closely miss the goblin. The goblin barely misses you.
You barely miss the goblin.
The goblin hits you with a +0 dagger of venom.
You are poisoned.
The goblin hits you with a +0 dagger of venom.
You are more poisoned.
You closely miss the goblin.
You feel very sick. The goblin barely misses you.
You barely miss the goblin.
You feel very sick. The goblin completely misses you.
The goblin hits you but does no damage.
You are more poisoned.
You barely miss the goblin.
You feel very sick. The goblin hits you but does no damage.
You barely miss the goblin.
You feel very sick. The goblin hits you but does no damage.
You hit the goblin but do no damage.
You feel very sick. The goblin barely misses you.
The goblin hits you with a +0 dagger of venom.
You barely miss the goblin.
You feel sick.
The goblin hits you with a +0 dagger of venom.
You are more poisoned.
You barely miss the goblin.
You feel very sick.
The goblin hits you but does no damage. x2
You are more poisoned.
You barely miss the goblin.
You die...

#.##########.# ..#. #.# #.# #.#.
#.####### #.# .# #.#. #.......#
#.# #.#.####+#.#. ........#
##.########.#........#. #.......#
#........##.#........#.
#.......###........##.#........#.
...>...............#............#
........###.....@..#...#########.
...............g.........>.....#.
..##.######........##.....###..#.
#................#######..##..#.P
7...777##...#..#..........##..#.P
......77#...#..#.......(..##..#.P
.......77...#..#..........##..#.P
.7)7....7...#..#..........##..###
..}.....7...#..#..............#.P


You could see a goblin.

Vanquished Creatures
  2 dart slugs (D:1)
  2 ball pythons (D:1)
  An endoplasm (D:1)
  A giant cockroach (D:1)
  2 hobgoblins (D:1)
  4 jackals (D:1)
  A kobold (D:1)
  3 quokkas (D:1)
  4 bats (D:1)
  2 frilled lizards (D:1)
  4 rats (D:1)
26 creatures vanquished.

Vanquished Creatures (others)
  4 demonic plants (D:1)
  2 fungi (D:1)
  2 plants (D:1)
  3 withered plants (D:1)
11 creatures vanquished.

Grand Total: 37 creatures vanquished

Notes
Turn   | Place    | Note
-------+----------+-------------------------------------------
     0 | D:1      | qw the Ogre Enchanter began the quest for the Orb.
     0 | D:1      | Reached XP level 1. HP: 16/16 MP: 3/3
     0 | D:1      | 0 ||| qw: Version: 0.1-a-103-gd6f5d3a
     0 | D:1      | 0 ||| qw: Game counter: 5435
     0 | D:1      | 0 ||| qw: Always use a shield: true
     0 | D:1      | 0 ||| qw: God list: Okawaru
     0 | D:1      | 0 ||| qw: Allow faded altars: false
     0 | D:1      | 0 ||| qw: Do Orc after D:15 true
     0 | D:1      | 0 ||| qw: Do second Lair branch before Depths: true
     0 | D:1      | 0 ||| qw: Lair rune preference: random
     0 | D:1      | 0 ||| qw: Plans: Normal
     0 | D:1      | 0 ||| PLANNING D:1-11
     6 | D:1      | 6 ||| SWAPPING to +0 spear.
     7 | D:1      | 7 ||| DROPPING +1 dagger.
    28 | D:1      | 28 ||| Stepping ~*~*~tactically~*~*~ (hiding).
   130 | D:1      | 130 ||| Stepping ~*~*~tactically~*~*~ (hiding).
   232 | D:1      | 232 ||| Stepping ~*~*~tactically~*~*~ (hiding).
   334 | D:1      | 334 ||| Stepping ~*~*~tactically~*~*~ (hiding).
   436 | D:1      | 436 ||| Stepping ~*~*~tactically~*~*~ (hiding).
   538 | D:1      | 538 ||| Stepping ~*~*~tactically~*~*~ (hiding).
   640 | D:1      | 640 ||| Stepping ~*~*~tactically~*~*~ (hiding).
   742 | D:1      | 742 ||| Stepping ~*~*~tactically~*~*~ (hiding).
   747 | D:1      | 747 ||| Stepping ~*~*~tactically~*~*~ (hiding).
   756 | D:1      | Reached skill level 1 in Axes
   843 | D:1      | Reached skill level 1 in Fighting
   955 | D:1      | Reached XP level 2. HP: 27/27 MP: 5/5
   964 | D:1      | 964 ||| Stepping ~*~*~tactically~*~*~ (stealth).
   965 | D:1      | 965 ||| Stepping ~*~*~tactically~*~*~ (stealth).
   983 | D:1      | Found a faded altar of an unknown god.
   990 | D:1      | 990 ||| Stepping ~*~*~tactically~*~*~ (stealth).
  1059 | D:1      | 1059 ||| Stepping ~*~*~tactically~*~*~ (stealth).
  1101 | D:1      | 1101 ||| Stepping ~*~*~tactically~*~*~ (outnumbered).
  1102 | D:1      | 1102 ||| Stepping ~*~*~tactically~*~*~ (outnumbered).
  1103 | D:1      | 1103 ||| Stepping ~*~*~tactically~*~*~ (outnumbered).
  1104 | D:1      | 1104 ||| Stepping ~*~*~tactically~*~*~ (outnumbered).
  1108 | D:1      | 1108 ||| Stepping ~*~*~tactically~*~*~ (outnumbered).
  1109 | D:1      | 1109 ||| Stepping ~*~*~tactically~*~*~ (outnumbered).
  1110 | D:1      | 1110 ||| Stepping ~*~*~tactically~*~*~ (outnumbered).
  1231 | D:1      | 1231 ||| Stepping ~*~*~tactically~*~*~ (stealth).
  1237 | D:1      | 1237 ||| Stepping ~*~*~tactically~*~*~ (outnumbered).
  1238 | D:1      | 1238 ||| Stepping ~*~*~tactically~*~*~ (outnumbered).
  1239 | D:1      | 1239 ||| Stepping ~*~*~tactically~*~*~ (outnumbered).
  1240 | D:1      | 1240 ||| Stepping ~*~*~tactically~*~*~ (outnumbered).
  1565 | D:1      | Reached XP level 3. HP: 26/35 MP: 6/6
  1877 | D:1      | 1877 ||| SWAPPING to +0 scimitar.
  1938 | D:1      | 1938 ||| Stepping ~*~*~tactically~*~*~ (stealth).
  1952 | D:1      | HP: 7/35 [poisoned by a goblin]
  1953 | D:1      | HP: 1/35 [poisoned by a goblin]
  1954 | D:1      | Succumbed to a goblin's poison

Levels and vault maps discovered:
D:1:      amcnicky_arrival_underground_garden, layout_basic,
          shapermc_ecumenical_altar_gd, minmay_cupped

Skill      XL: |  1  2  3 |
---------------+----------+-----
Axes           | 1 2 |  2.1
Fighting       | 1 2 |  2.0
Short Blades   | |  0.8
Dodging        | |  1.7
Stealth        | |  2.1
Spellcasting   | |  2.4
Hexes          | |  2.6

Action                   || total
-------------------------++-------
Melee: Spear             ||   134
       Punch             ||     2
       Scimitar          ||    10
Armor: Robe              ||    54
Dodge: Dodged            ||    77

Table legend:
 A = Non-vault XP
 B = Vault XP
 C = Vault XP percentage of total XP
 D = Non-vault monster count
 E = Vault monster count
 F = Vault count percentage of total count
                 A         B        C        D         E       F
            +---------+---------+-------+---------+---------+-------
      Total |      42 |       3 |   6.7 |      23 |       3 |  11.5
            +---------+---------+-------+---------+---------+-------
        D:1 |      42 |       3 |   6.7 |      23 |       3 |  11.5
            +---------+---------+-------+---------+---------+-------
